 Dungeon Crawl Stone Soup version 0.29-a0-453-gf113fcf677 (webtiles) character file.

Game seed: 15236358545484398369

495911 peepee the Hoplite (level 26, -19/278 HPs)
             Began as a Djinni Ice Elementalist on May 19, 2022.
             Was a Priest of Ashenzari.
             Demolished by an acid blob (30 damage)
             ... created by the Royal Jelly
             ... on level 5 of the Pits of Slime on May 20, 2022.
             The game lasted 04:51:49 (87353 turns).

peepee the Hoplite (Djinni Ice Elementalist)       Turns: 87353, Time: 04:51:50

Health: -19/278    AC: 24    Str:  6    XL:     26   Next: 40%
Gold:   7227       EV: 28    Int: 23    God:    Ashenzari [***...] SH: 28 Dex: 20

rFire   + + .      SeeInvis +   U - staff of conjuration
rCold   + + .      Faith    .   Z - +3 tower shield "Ensconced With Me" {Self, Cun} (curse)
rNeg    + . .      Spirit   .   (body armour currently unavailable)
rPois   ∞          Reflect  .   O - +1 helmet "Behold Eternity" {rC++ Str-5 Dex+4, Cun, Self} (curse)
rElec   +          Harm     .   W - +2 cloak {rCorr}
rCorr   +          Rampage  .   (gloves currently unavailable)
Will    +++++      Clarity  +   (boots unavailable)
Stlth   ++........              y - amulet of Desmomancy {Regen+, Self, Melee} (curse)
HPRegen 1.36/turn               M - ring "Prophetic Annoyance" {Fly rC+ Will+ Str+2 Stlth-, Cun, Self} (curse)
MPRegen 0.00/turn               b - ring of the Gnostic Ordeal {rElec Will++ Slay+4, Fort, Evo} (curse)

@: statue-form (expiring), corroded, on death's door cooldown, flying, studying
Fighting, unable to read, very slow
A: slow and powerful, torment resistance 1, flying, boosted hp, sickness
immunity, fire resistance 2, cold vulnerability 1, float, innate caster, HP
casting, extra vitality 1, weak 1, inability to read while threatened
}: 2/15 runes: barnacled, gossamer
a: End Transformation, Renounce Religion, Curse Item, Shatter the Chains


You were on level 5 of the Pits of Slime.
You worshipped Ashenzari.
Ashenzari was most pleased with you.
You were a living statue of rough stone.
You visited 10 branches of the dungeon, and saw 48 of its levels.
You also visited: Sewer, Gauntlet, Ice Cave, Volcano, Wizlab and Desolation.

You collected 7899 gold pieces.
You spent 672 gold pieces at shops.

Inventory:

Hand Weapons
 u - a +9 eudemon blade of holy wrath
Armour
 e - the +0 pair of gloves "Agaihezi" (melded) {rC- rN++ Will+}
   (You bought it in a shop on level 6 of the Dungeon)

   rC:        It makes you vulnerable to cold.
   rN:        It greatly protects you from negative energy.
   Will:      It increases your willpower.
 O - the cursed +1 helmet "Behold Eternity" (worn) {rC++ Str-5 Dex+4, Cun, Self}
   (You found it in a Gauntlet)

   Str:       It affects your strength (-5).
   Dex:       It affects your dexterity (+4).
   rC:        It greatly protects you from cold.
   It has a curse which improves the following skills: Cunning: Dodging and
   Stealth.
   Introspection: Fighting and Spellcasting.
 V - the +5 faerie dragon scales (melded) {Fly rPois rC+ rCorr Clar}
   (You took it off the Enchantress on level 1 of the Depths)

   rC:        It protects you from cold.
   rPois:     It protects you from poison.
   Fly:       It grants you flight.
   Clar:      It protects you against confusion.
   rCorr:     It protects you from acid and corrosion.
 W - a +2 cloak of preservation (worn)
 Z - the cursed +3 tower shield "Ensconced With Me" (worn) {Self, Cun}
   (You took it off Louise on level 4 of the Spider Nest)

   It has a curse which improves the following skills: Introspection: Fighting
   and Spellcasting.
   Cunning:   Dodging and Stealth.
Magical Staves
 U - a staff of conjuration (weapon)
Jewellery
 a - the ring of the Cicada {Fly Will++ rCorr SInv Stlth-}
   (You took it off a frost giant on level 2 of the Depths)

   [ring of flight]

   SInv:      It lets you see invisible.
   Fly:       It grants you flight.
   rCorr:     It protects you from acid and corrosion.
   Will:      It greatly increases your willpower.
   Stlth:     It makes you less stealthy.
 b - the cursed ring of the Gnostic Ordeal (right fist) {rElec Will++ Slay+4, Fort, Evo}
   (You found it in the Desolation of Salt)

   [ring of slaying]

   Slay:      It affects your accuracy & damage with ranged weapons and melee
   (+4).
   rElec:     It insulates you from electricity.
   Will:      It greatly increases your willpower.
   It has a curse which improves the following skills: Fortitude: Armour and
   Shields.
   Evocations: Evocations.
 y - the cursed amulet of Desmomancy (around neck) {Regen+, Self, Melee}
   (You took it off a merfolk siren on level 2 of the Shoals)

   [amulet of regeneration]

   Regen:     It increases your rate of health regeneration.
   It has a curse which improves the following skills: Introspection: Fighting
   and Spellcasting.
   Melee Combat: Short Blades, Long Blades, Axes, Maces & Flails, Polearms,
   Staves and Unarmed Combat.
 M - the cursed ring "Prophetic Annoyance" (left fist) {Fly rC+ Will+ Str+2 Stlth-, Cun, Self}
   (You took it off a deep elf death mage on level 3 of the Elven Halls)

   [ring of flight]

   Str:       It affects your strength (+2).
   rC:        It protects you from cold.
   Fly:       It grants you flight.
   Will:      It increases your willpower.
   Stlth:     It makes you less stealthy.
   It has a curse which improves the following skills: Cunning: Dodging and
   Stealth.
   Introspection: Fighting and Spellcasting.
Wands
 f - a wand of iceblast (19)
 r - a wand of flame (99)
 v - a wand of mindburst (17)
 Q - a wand of digging (9)
Scrolls
 g - a scroll of enchant weapon
 k - 6 scrolls of fear
 l - 3 scrolls of blinking
 m - 25 scrolls of teleportation
 n - a scroll of fog
 s - 4 scrolls of magic mapping
 t - 7 scrolls of poison
 B - 6 scrolls of vulnerability
 D - 5 scrolls of silence
 E - 10 scrolls of immolation
 F - 3 scrolls of brand weapon
 J - 4 scrolls of summoning
Potions
 c - 5 potions of resistance
 d - 4 potions of might
 h - 22 potions of curing
 i - 4 potions of invisibility
 j - 11 potions of brilliance
 p - 7 potions of lignification
 z - 18 potions of mutation
 A - 13 potions of haste
 C - 4 potions of cancellation
 G - 4 potions of berserk rage
 R - 4 potions of ambrosia
 X - 5 potions of heal wounds
Miscellaneous
 o - a lightning rod (4/4)
 w - a phantom mirror (inert)
 S - a phial of floods


   Skills:
 - Level 21.3(24.9) Fighting
 - Level 18.9(21.8) Dodging
 - Level 2.0(4.3) Stealth
 - Level 23.6(25.0) Shields
 + Level 20.6(24.1) Spellcasting


You had 2 spell levels left.
You knew the following spells:

 Your Spells              Type           Power      Damage    Failure   Level
a - Freeze                Ice            100%       1d11      0%          1
b - Frozen Ramparts       Ice            100%       1d12      0%          3
c - Iron Shot             Conj/Erth      59%        9d11      0%          6
d - Hailstorm             Conj/Ice       100%       3d20      0%          4
e - Freezing Cloud        Conj/Ice/Air   59%        6-21      0%          5
f - Spellforged Servitor  Conj/Summ      59%        N/A       1%          7
g - Statue Form           Tmut/Erth      63%        N/A       0%          6
h - Infestation           Necr           47%        N/A       1%          8
i - Poisonous Vapours     Pois/Air       100%       N/A       0%          2
j - Searing Ray           Conj           100%       2d8       0%          2
k - Dazzling Flash        Conj/Hex       100%       N/A       0%          3
l - Dragon Form           Tmut           47%        N/A       1%          7
m - Ozocubu's Armour      Ice            95%        N/A       0%          3
n - Petrify               Tmut/Erth      95%        N/A       0%          4
o - Death's Door          Necr           47%        N/A       9%          9
Z - Summon Small Mammal   Summ           100%       N/A       0%          1
Your spell library was empty.

Dungeon Overview and Level Annotations

Branches:
Dungeon (15/15)            Temple (1/1) D:5            Lair (6/6) D:8
 Shoals (4/4) Lair:4       Spider (4/4) Lair:3        Slime (5/5) Lair:5
    Orc (2/2) D:10            Elf (3/3) Orc:2        Vaults (4/5) D:13
  Crypt (0/3) Vaults:2     Depths (4/4) D:15            Zot (0/5) Depths:4
  Sewer (visited)           IceCv (visited)         Volcano (visited)
 WizLab (visited)         Desolation (visited)      Gauntlet (visited)

Altars:
Ashenzari
Cheibriados
Dithmenos
Elyvilon
Fedhas
Gozag
Hepliaklqana
Kikubaaqudgha
Makhleb
Nemelex Xobeh
Okawaru
Qazlal
Ru
Sif Muna
Trog
Uskayaw
Vehumet
Wu Jian
Xom
Yredelemnul
Zin
The Shining One
Beogh
Lugonu

Shops:
D:6 [   Orc:2 !((!   Shoals:1 *   Vaults:1 !   Vaults:2 (   Depths:3 =:

Portals:
Hell: Depths:1 Depths:2 Depths:3 Depths:4
Abyss: Shoals:2 Depths:3 Depths:4
Pandemonium: Depths:2
Ziggurat: Depths:4

Annotations:
Vaults:1 2 transporters, exclusion: obsidian statue
Depths:4 2 transporters, LetschGu's ghost, adept HOAM


Innate Abilities, Weirdness & Mutations

You are a living statue of rough stone.
Your actions are slow, but your melee attacks are powerful.
You are resistant to unholy torment.
You are flying.
Your maximum health is greatly increased.
Your equipment is partially melded.
You are immune to sickness and miasma.
You are immune to poison.
Your flesh is very heat resistant. (rF++)
You are vulnerable to cold. (rC-)
You float through the air rather than walking.
You learn spells naturally, not from books.
Your magical power is your life essence.
You have superior vitality. (+4 MHP)
You are weak. (Str -2)
You sometimes lose the ability to read scrolls when taking damage.


Message History

You block the acid blob's attack. You block the azure jelly's attack.
The azure jelly hits you but does no damage.
You block the azure jelly's attack. The azure jelly hits you.
The acid blob spits acid at you. The splash of acid hits you! You resist.
The rockslime hits you!!
You hold your ground!
The acid blob hits you!!
You are splashed with acid.
You resist. The rockslime attacks as you move away!
You block the rockslime's attack. The acid blob attacks as you move away!
The acid blob hits you but does no damage.
The azure jelly hits you but does no damage.
You block the azure jelly's attack. x2; The azure jelly hits you.
The acid blob spits acid at you. You block the splash of acid.
You block the azure jelly's attack. x2
The azure jelly hits you but does no damage.
You block the azure jelly's attack.
The azure jelly hits you but does no damage.
The azure jelly misses you. The azure jelly closely misses you.
The azure jelly hits you but does no damage. x3
You block the azure jelly's attack. The azure jelly closely misses you.
The azure jelly hits you but does no damage. x2
The azure jelly misses you. The azure jelly completely misses you.
The rockslime hits you!!
You are shoved backwards!
The azure jelly closely misses you. The azure jelly completely misses you.
The azure jelly hits you but does no damage. x2
You barely miss the azure jelly.
Your transformation is almost over.
The azure jelly misses you. You block the azure jelly's attack. x2
The azure jelly barely misses you. You block the rockslime's attack.
The rockslime barely misses you.
The acid blob hits you but does no damage.
The rockslime attacks as you move away! The rockslime hits you.
You block the acid blob's attack.
You hit the acid blob but do no damage.
Your fists burn!
Your life is in your own hands again!
The acid blob spits acid at you. The splash of acid misses you.
You block the rockslime's attack. The acid blob hits you!!
You die...

###### #####....###
##....#.....##
####............##
#####................## *
#.............<.JJ.....## *
..............JJJJ........
,
................8J........
,
..........................
..........................
..........................
..........................,
.........................^
..........................
, ,
..........................
,
..........................
*


You could see 3 acid blobs, 3 azure jellies and a rockslime.

Vanquished Creatures
  the Royal Jelly (Slime:5)
  A juggernaut (Depths:2)
  Boris (Depths:4)
  Xtahua (Depths:4)
  A bone dragon (Depths:4)
  A Cloud Mage (WizLab)
  Jorgrun (D:13)
  A walking earthen tome (Depths:2)
  A lich (Depths:3)
  A deep elf master archer (Elf:3)
  A deep elf blademaster (Elf:3)
  10 acid blobs
  A sphinx (Vaults:4)
  Gastronok (Orc:1)
  2 krakens
  2 shadow dragons
  A storm dragon (Depths:3)
  2 tengu reavers
  Roxanne (Elf:2)
  Kirke (Spider:1)
  Donald (Spider:2)
  4 fire giants
  2 azure jellies (Slime:5)
  A draconian monk (Depths:4)
  6 rockslimes
  2 emperor scorpions (Spider:4)
  Louise (Spider:4)
  11 vault wardens
  5 deep elf sorcerers (Elf:3)
  2 ghost moths
  An iron dragon (Depths:3)
  An orc warlord (Vaults:2)
  An imperial myrmidon (Desolation)
  5 frost giants
  2 angels (Vaults:1)
  3 deep elf elementalists (Elf:3)
  A war gargoyle (Vaults:3)
  5 spriggan defenders
  11 ironbound preservers
  14 very ugly things
  5 ironbound thunderhulks
  5 broodmothers
  6 stone giants
  10 quicksilver oozes
  A vampire knight (Depths:2)
  3 deep elf demonologists
  12 dire elephants
  2 green draconians (Depths:4)
  6 deep elf annihilators (Elf:3)
  Azrael (Spider:1)
  5 entropy weavers
  A white draconian (Depths:4)
  12 spark wasps
  A minotaur (Gauntlet)
  4 crystal guardians
  6 merfolk impalers
  8 deep elf death magi (Elf:3)
  A blizzard demon (WizLab)
  5 fire dragons
  6 ettins
  A green death (Depths:2)
  3 merfolk javelineers
  5 yaktaur captains
  Josephine (Spider:1)
  A rakshasa (Depths:1)
  9 hydras
  2 deep elf high priests
  A spectral spriggan (Depths:1)
  4 vault guards
  7 great orbs of eyes
  5 ghost crabs (WizLab)
  A servant of whispers (Desolation)
  7 ragged hierophants (Desolation)
  4 ice dragons
  8 peacekeepers
  12 boulder beetles
  5 jorogumos
  14 two-headed ogres
  2 ogre magi (Orc:2)
  A merfolk avatar (Shoals:3)
  12 spriggan air magi
  A catoblepas (Lair:6)
  7 centaur warriors
  3 deep troll shamans (Depths:3)
  7 death scarabs (Spider:4)
  5 merfolk aquamancers
  3 tengu warriors
  6 ironbound frosthearts
  15 death yaks
  An orc high priest (Orc:2)
  23 dancing weapons
  5 deep troll earth magi
  3 shock serpents (WizLab)
  A spectral emperor scorpion (Spider:4)
  A vampire mage (Depths:2)
  4 satyrs
  Nergalle (D:12)
  Urug (Orc:1)
  2 spriggan berserkers
  A soul eater (Vaults:2)
  5 hell knights
  15 deep elf knights
  3 steelbarb worms
  3 iron trolls
  2 sun moths
  5 pharaoh ants
  2 death drakes
  21 sea snakes
  44 deep trolls
  2 golden dragon zombies (Depths:3)
  2 flayed ghosts (Depths:2)
  6 orb spiders
  6 lindwurms
  3 glowing orange brains
  8 wizards
  10 orc knights
  4 necromancers
  A spectral wolf spider (Spider:4)
  3 deep elf archers
  17 harpies
  16 ironbound convokers
  15 deep elf pyromancers
  A mana viper (shapeshifter) (Vaults:3)
  An oklob plant (Lair:4)
  18 deep elf zephyrmancers
  6 orc sorcerers
  32 ugly things
  A fire giant zombie (Depths:3)
  22 wolf spiders
  15 fauns
  A shining eye (shapeshifter) (Depths:2)
  4 moths of wrath
  2 shining eyes (Slime:2)
  A spectral centaur (Gauntlet)
  14 manticores
  5 cyclopes
  An elephant (shapeshifter) (Depths:2)
  2 guardian serpents (Desolation)
  Joseph (Lair:1)
  6 black mambas
  6 elephants (Lair:6)
  3 molten gargoyles
  9 merfolk sirens
  2 apocalypse crabs (WizLab)
  7 water nymphs
  7 torpor snails
  8 vault sentinels
  A centaur zombie (Gauntlet)
  4 unseen horrors
  7 demonic crawlers
  3 spectral redbacks (Spider:4)
  A gargoyle (D:12)
  22 cane toads
  A freezing wraith (Vaults:2)
  Maggie (D:8)
  A redback zombie (Spider:4)
  A kobold demonologist (D:9)
  23 yaktaurs
  Psyche (D:8)
  A rime drake (Lair:1)
  10 komodo dragons
  An ice devil (IceCv)
  A hellwing (Depths:2)
  4 tengu conjurers
  A red devil (Depths:2)
  22 merfolk
  12 trolls
  2 polar bears
  3 meliai (Spider:4)
  A queen bee (Gauntlet)
  3 tyrant leeches (Lair:6)
  A hornet (Lair:4)
  21 tarantellas
  53 saltlings (Desolation)
  A spectral culicivora (Spider:4)
  4 spectral tarantellas (Spider:4)
  Prince Ribbit (Lair:1)
  27 blink frogs
  6 spectral jumping spiders (Spider:4)
  9 wind drakes
  3 jumping spider zombies (Spider:4)
  60 slime creatures
  13 snapping turtles
  A culicivora zombie (Spider:4)
  4 dream sheep
  Sigmund (D:3)
  5 vampires
  2 centaur simulacra (D:15)
  A culicivora (shapeshifter) (Depths:2)
  5 spriggans
  31 jumping spiders
  13 water elementals
  15 air elementals
  29 culicivoras
  8 wraiths
  A shadow (D:13)
  2 hogs (Spider:1)
  4 basilisks
  2 fire elementals
  66 yaks
  4 wyverns
  A ynoxinul (Depths:2)
  Grum (D:8)
  2 fire bats (Volcano)
  3 golden eyes (Slime:5)
  5 vampire mosquitoes (Lair:6)
  43 redbacks
  A death yak simulacrum (IceCv)
  A neqoxec (Gauntlet)
  A steam dragon (D:8)
  A chaos spawn (Gauntlet)
  3 acid dragons
  5 wargs
  Edmund (D:6)
  18 water moccasins
  3 hell hounds (Spider:1)
  3 ice beasts
  29 orc warriors
  2 sky beasts
  2 black bears (D:7)
  A boggart (Vaults:3)
  24 ogres
  19 centaurs
  19 wolves
  3 kobold brigands
  19 bullfrogs
  3 necrophages
  4 gnoll sergeants
  7 scorpions
  An earth elemental (Elf:2)
  12 killer bees
  11 howler monkeys
  4 electric eels
  7 lava snakes (Volcano)
  3 hounds (D:5)
  A gnoll shaman (D:7)
  7 jellies
  12 orc priests
  2 iguanas
  14 orc wizards
  A polar bear simulacrum (IceCv)
  3 troll simulacra (IceCv)
  22 gnolls
  6 adders
  2 river rats
  4 white imps
  4 ufetubi
  A dart slug (D:2)
  57 orcs
  13 endoplasms
  7 giant cockroaches
  6 hobgoblins
  2 quokkas
  14 ball pythons
  A bat (D:1)
  8 frilled lizards
  4 goblins
  13 kobolds
  14 rats
  A bush (Lair:4)
  2 lurking horrors (Shoals:2)
  2 tentacles
1779 creatures vanquished.

Vanquished Creatures (collateral kills)
  A caustic shrike (Depths:3)
  the Enchantress (Depths:1)
  A deep elf blademaster (Elf:3)
  4 acid blobs
  Frances (Elf:1)
  A sphinx (Vaults:3)
  A daeva (Depths:1)
  3 fire giants
  An azure jelly (Slime:5)
  5 frost giants
  3 vault wardens
  4 rockslimes
  2 orc warlords
  2 curse skulls (Vaults:2)
  A deep elf elementalist (Elf:3)
  A spriggan defender (Depths:1)
  3 ironbound preservers
  4 quicksilver oozes
  3 ironbound thunderhulks
  3 stone giants
  8 very ugly things
  A deep elf annihilator (Elf:3)
  A black draconian (Depths:4)
  4 spark wasps
  3 deep elf death magi
  2 ettins (Depths:1)
  A deep elf high priest (Elf:3)
  2 great orbs of eyes
  2 vault guards (Vaults:2)
  3 ghost crabs (WizLab)
  5 ironbound frosthearts
  A spriggan air mage (Depths:1)
  8 dancing weapons
  A deep troll earth mage (Depths:3)
  A spriggan berserker (Depths:2)
  3 hell knights (Depths:2)
  10 deep elf knights
  A titan skeleton (Depths:3)
  A spriggan (Depths:2)
  A death drake (WizLab)
  10 deep trolls
  7 deep elf archers
  6 harpies
  3 wizards
  3 orc knights (Vaults:2)
  A lindwurm (shapeshifter) (Elf:3)
  3 necromancers
  2 ironbound convokers
  A tengu skeleton (Depths:3)
  13 deep elf zephyrmancers
  11 ugly things
  A shining eye (Slime:5)
  25 deep elf pyromancers
  A rust devil (Depths:2)
  5 vault sentinels
  An apocalypse crab (WizLab)
  6 yaktaurs
  A rime drake (Lair:3)
  A polar bear (shapeshifter) (Elf:2)
  3 hornets (Depths:2)
  17 slime creatures
  7 air elementals
  2 water elementals
  2 golden eyes (Slime:5)
  A large abomination (Elf:1)
  A warg (Vaults:4)
  2 orc warriors (Vaults:4)
  An ogre (Vaults:4)
  5 elf zombies (Elf:1)
  3 earth elementals
  An orc wizard (Vaults:4)
  A white imp (D:7)
  2 orcs (Vaults:4)
  A goblin (D:2)
254 creatures vanquished.

Vanquished Creatures (others)
  Saint Roka (Vaults:4)
  Nikola (Spider:1)
  Asterion (Elf:2)
  A spark wasp (WizLab)
  2 deep elf knights
  A death drake (WizLab)
  A deep elf zephyrmancer (Elf:1)
  An air elemental (WizLab)
  A human (Spider:1)
  A scorpion (Lair:3)
  A quokka (Depths:1)
  41 fungi
  325 plants
  8 tentacles
386 creatures vanquished.

Grand Total: 2419 creatures vanquished

Notes
Turn   | Place    | Note
-------+----------+-------------------------------------------
     0 | D:1      | peepee the Djinni Ice Elementalist began the quest for the
                  | Orb.
     0 | D:1      | Reached XP level 1. HP: 15/15 MP: 0/0
   440 | D:1      | Reached XP level 2. HP: 19/21 MP: 0/0
  1386 | D:2      | Reached XP level 3. HP: 24/25 MP: 0/0
  1386 | D:2      | Learned a level 1 spell: Summon Small Mammal
  2219 | D:2      | Reached XP level 4. HP: 25/31 MP: 0/0
  2549 | D:2      | Found a faded altar of an unknown god.
  3353 | D:3      | Noticed Sigmund
  3396 | D:3      | Killed Sigmund
  3397 | D:3      | Reached skill level 5 in Spellcasting
  3397 | D:3      | Reached XP level 5. HP: 22/35 MP: 0/0
  3397 | D:3      | Learned a level 2 spell: Poisonous Vapours
  3397 | D:3      | Reached XP level 6. HP: 26/40 MP: 0/0
  4676 | D:4      | Reached XP level 7. HP: 32/45 MP: 0/0
  4676 | D:4      | Learned a level 2 spell: Searing Ray
  4847 | D:4      | Reached skill level 1 in Fighting
  5749 | D:5      | Entered Level 5 of the Dungeon
  5828 | D:5      | Reached XP level 8. HP: 54/58 MP: 0/0
  5858 | D:5      | Reached skill level 5 in Fighting
  6513 | D:5      | Found a staircase to the Ecumenical Temple.
  6522 | Temple   | Entered the Ecumenical Temple
  6681 | Temple   | Became a worshipper of Ashenzari the Shackled
  6949 | D:6      | Noticed Edmund
  6958 | D:6      | Killed Edmund
  6959 | D:6      | Reached skill level 5 in Dodging
  6964 | D:6      | Reached XP level 9. HP: 28/66 MP: 0/0
  6964 | D:6      | Learned a level 3 spell: Dazzling Flash
  7223 | D:6      | Found a glowing drain.
  7236 | Sewer    | Entered a sewer
  7535 | Sewer    | Found a viscous altar of Jiyva.
  7772 | D:6      | Found Vineq's Antique Armour Boutique.
  7791 | D:6      | Bought a dazzling cloak for 256 gold pieces
  7791 | D:6      | Identified the +2 cloak of the Gastropod {-Cast +Blink
                  | Str+3 SInv} (You bought it in a shop on level 6 of the
                  | Dungeon)
  8156 | D:6      | Found a burning altar of Makhleb.
  8613 | D:6      | Found a shimmering altar of Xom.
  8613 | D:6      | Found a faded altar of an unknown god.
  8621 | D:6      | Found an opulent altar of Gozag.
  8623 | D:6      | Found a faded altar of an unknown god.
  9288 | D:7      | Reached XP level 10. HP: 59/72 MP: 0/0
  9794 | D:8      | Noticed Psyche
  9799 | D:8      | Killed Psyche
 10101 | D:8      | Noticed Maggie
 10124 | D:8      | Killed Maggie
 10125 | D:8      | Reached skill level 10 in Spellcasting
 10508 | D:8      | Found a staircase to the Lair.
 10977 | D:8      | Noticed Grum
 10983 | D:8      | Killed Grum
 11512 | Lair:1   | Entered Level 1 of the Lair of Beasts
 11512 | Lair:1   | Found a gate leading to a gauntlet.
 11551 | Lair:1   | Noticed Prince Ribbit
 11570 | Lair:1   | Killed Prince Ribbit
 11762 | Lair:1   | Noticed a cane toad
 11774 | Lair:1   | Killed a cane toad
 11775 | Lair:1   | Reached XP level 11. HP: 52/84 MP: 0/0
 11775 | Lair:1   | Learned a level 4 spell: Petrify
 11809 | Gauntlet | Entered a Gauntlet
 11809 | Gauntlet | Found a transporter.
 11809 | Gauntlet | Found a transporter.
 12109 | Gauntlet | Found a transporter.
 12121 | Gauntlet | Found a transporter.
 12124 | Gauntlet | Found a transporter.
 12128 | Gauntlet | Found a runed translucent door.
 12130 | Gauntlet | Found a runed translucent door.
 12132 | Gauntlet | Found a transporter.
 12135 | Gauntlet | Found a transporter.
 12139 | Gauntlet | Noticed a death drake
 12143 | Gauntlet | Found a transporter.
 12163 | Gauntlet | Found a transporter.
 12165 | Gauntlet | Noticed a balrug
 12183 | Gauntlet | Found a transporter.
 12184 | Gauntlet | Found a transporter.
 12192 | Gauntlet | Noticed a soul eater
 12197 | Gauntlet | Found a transporter.
 12295 | Gauntlet | Reached skill level 10 in Fighting
 12432 | Gauntlet | Identified the amulet "Ogiduim" {Spirit rPois Str+2}
 12521 | Gauntlet | Killed a death drake
 12853 | Gauntlet | Identified the +1 helmet "Zog Keaj" {rC++ Str-5 Dex+4}
 12872 | Gauntlet | Identified the +0 leather armour of the Kraken {Int+2}
 12885 | Gauntlet | Noticed a minotaur
 12895 | Gauntlet | Killed a minotaur
 14080 | Lair:1   | Noticed Joseph
 14107 | Lair:1   | Killed Joseph
 14108 | Lair:1   | Reached XP level 12. HP: 58/98 MP: 0/0
 14890 | Lair:2   | Found a frozen archway.
 14896 | IceCv    | Entered an ice cave
 15178 | IceCv    | HP: 1/99 [death yak simulacrum (11)]
 15440 | IceCv    | HP: 4/99 [ice beast[an ice statue] (3)]
 16522 | Lair:2   | Noticed a death yak
 16522 | Lair:2   | Noticed a death yak
 16522 | Lair:2   | Noticed a death yak
 16523 | Lair:2   | Noticed a death yak
 16538 | Lair:2   | Noticed a death yak
 16539 | Lair:2   | Killed a death yak
 16544 | Lair:2   | Noticed a death yak
 16550 | Lair:2   | Killed a death yak
 16842 | Lair:2   | Killed a death yak
 17491 | Lair:2   | Noticed a five-headed hydra
 17512 | Lair:2   | Killed a five-headed hydra
 17724 | Lair:2   | Killed a death yak
 17727 | Lair:2   | Killed a death yak
 17732 | Lair:2   | Killed a death yak
 18109 | Lair:3   | Noticed a death yak
 18109 | Lair:3   | Noticed a death yak
 18109 | Lair:3   | Noticed a death yak
 18127 | Lair:2   | Killed a death yak
 18136 | Lair:2   | Killed a death yak
 18137 | Lair:2   | Reached XP level 13. HP: 29/107 MP: 0/0
 18137 | Lair:2   | Learned a level 5 spell: Freezing Cloud
 18910 | Lair:3   | Noticed a four-headed hydra
 18919 | Lair:3   | Killed a four-headed hydra
 19164 | Lair:3   | Noticed a six-headed hydra
 19172 | Lair:3   | Killed a six-headed hydra
 19472 | Lair:3   | Found a hole to the Spider Nest.
 20222 | Lair:3   | Reached * piety under Ashenzari
 20775 | Lair:4   | Found a dark tunnel.
 20784 | Volcano  | Entered a volcano
 21927 | Volcano  | Found a bloodstained altar of Trog.
 21927 | Volcano  | Noticed a centaur warrior
 21964 | Volcano  | Killed a centaur warrior
 23474 | Lair:4   | Found a blossoming altar of Fedhas.
 23604 | Lair:4   | Reached XP level 14. HP: 74/115 MP: 0/0
 23925 | Lair:4   | Found a staircase to the Shoals.
 24725 | Lair:5   | Reached skill level 15 in Fighting
 25170 | Lair:5   | Reached ** piety under Ashenzari
 25402 | Lair:5   | Found a staircase to the Slime Pits.
 26799 | Lair:6   | Entered Level 6 of the Lair of Beasts
 27817 | Lair:6   | Reached XP level 15. HP: 75/130 MP: 0/0
 27817 | Lair:6   | Learned a level 6 spell: Iron Shot
 28756 | Lair:6   | Reached *** piety under Ashenzari
 31261 | D:10     | Entered Level 10 of the Dungeon
 31656 | D:10     | Found a staircase to the Orcish Mines.
 31992 | D:10     | Identified the +2 robe "Bauru" {Slay+3}
 32994 | D:11     | Reached skill level 15 in Spellcasting
 33451 | D:11     | Found a broken altar of Ashenzari.
 35200 | D:12     | Noticed Nergalle
 35213 | D:12     | Killed Nergalle
 36084 | D:13     | Noticed Jorgrun
 36218 | D:13     | Found a gate to the Vaults.
 36218 | D:13     | Noticed an ironbound preserver
 36223 | D:13     | Killed an ironbound preserver
 36225 | D:13     | Killed Jorgrun
 36900 | D:13     | Reached XP level 16. HP: 96/140 MP: 0/0
 39658 | D:15     | Entered Level 15 of the Dungeon
 40235 | D:15     | Found a staircase to the Depths.
 41788 | D:15     | Reached skill level 10 in Dodging
 42357 | Spider:1 | Entered Level 1 of the Spider Nest
 42361 | Spider:1 | Noticed Kirke
 42367 | Spider:1 | Killed Kirke
 42961 | Spider:1 | Noticed Azrael
 42970 | Spider:1 | Killed Azrael
 43549 | Spider:1 | Noticed Nikola
 43559 | Spider:1 | Killed Nikola
 44089 | Spider:1 | Reached XP level 17. HP: 135/146 MP: 0/0
 44089 | Spider:1 | Learned a level 7 spell: Dragon Form
 44166 | Spider:1 | Identified the cursed +0 pair of gloves of the Profound
                  | Burden {Fort, Self} (You found it on level 4 of the
                  | Dungeon)
 44166 | Spider:1 | Identified the cursed +1 robe of Ashenzari's Moon {Will+,
                  | Melee, Self} (You took it off Sigmund on level 3 of the
                  | Dungeon)
 44946 | Spider:1 | Noticed Josephine
 44951 | Spider:1 | Killed Josephine
 47326 | Spider:2 | Noticed Donald
 47333 | Spider:2 | Killed Donald
 50781 | Spider:4 | Entered Level 4 of the Spider Nest
 50913 | Spider:4 | Reached XP level 18. HP: 129/158 MP: 0/0
 54213 | Spider:4 | Noticed Louise
 54247 | Spider:4 | Killed Louise
 55348 | Spider:4 | Got a gossamer rune of Zot
 55630 | Shoals:1 | Entered Level 1 of the Shoals
 55634 | Shoals:1 | Reached skill level 1 in Shields
 55780 | Shoals:1 | Reached skill level 2 in Shields
 56308 | Shoals:1 | Reached skill level 3 in Shields
 56462 | Shoals:1 | Reached skill level 4 in Shields
 56850 | Shoals:1 | Reached skill level 5 in Shields
 57050 | Shoals:1 | Found Moaript's General Store.
 57273 | Shoals:1 | Reached skill level 6 in Shields
 58056 | Shoals:1 | Reached XP level 19. HP: 139/167 MP: 0/0
 58056 | Shoals:1 | Learned a level 6 spell: Statue Form
 58369 | Orc:1    | Entered Level 1 of the Orcish Mines
 58424 | Orc:1    | Reached skill level 7 in Shields
 58665 | Orc:1    | Noticed Gastronok
 58679 | Orc:1    | Killed Gastronok
 58907 | Orc:1    | Noticed Urug
 58914 | Orc:1    | Killed Urug
 59209 | Orc:1    | Found a bloodstained altar of Trog.
 59318 | Orc:2    | Entered Level 2 of the Orcish Mines
 59384 | Orc:2    | Reached skill level 8 in Shields
 60009 | Orc:2    | Reached skill level 9 in Shields
 60632 | Orc:2    | Found a staircase to the Elven Halls.
 60868 | Orc:2    | Reached skill level 10 in Shields
 60918 | Orc:2    | Found Ikitufin's Weapon Shop.
 60919 | Orc:2    | Found Gaedom's Distillery.
 60923 | Orc:2    | Found Iheibaq's Weapon Shoppe.
 60932 | Orc:2    | Found Aleaschousch's Distillery.
 61018 | Orc:2    | Bought a potion of heal wounds for 65 gold pieces
 62343 | Shoals:2 | Found a one-way gate to the infinite horrors of the Abyss.
 62343 | Shoals:2 | Found a corrupted altar of Lugonu.
 62806 | Shoals:2 | Reached skill level 11 in Shields
 64160 | Shoals:3 | Reached skill level 12 in Shields
 65269 | Shoals:4 | Entered Level 4 of the Shoals
 65510 | Shoals:4 | Reached skill level 13 in Shields
 65660 | Shoals:4 | Reached XP level 20. HP: 133/171 MP: 0/0
 66030 | Shoals:4 | Identified the +1 hand crossbow of Nemelex Xobeh's Fury
                  | {flame, Dex+4 SInv}
 66400 | Shoals:4 | Identified the +0 pair of gloves of the Black Moon {Contam
                  | rN+ Dex+3}
 66483 | Shoals:4 | Identified the +5 halberd "Idicvudgh" {holy, Dex+3}
 66499 | Shoals:4 | Reached skill level 14 in Shields
 66906 | Shoals:4 | Got a barnacled rune of Zot
 67344 | Vaults:1 | Entered Level 1 of the Vaults
 67347 | Vaults:1 | Found a transporter.
 67362 | Vaults:1 | Identified the ring "Uczaemy" {rF+ rC+ MP+9 Int+5 Dex-2}
 67363 | Vaults:1 | Found a transporter.
 67363 | Vaults:1 | Identified the amulet of the Caustic God {Acrobat Stlth+}
 67536 | Vaults:1 | Found a white marble altar of Elyvilon.
 67536 | Vaults:1 | Found a glowing silver altar of Zin.
 67537 | Vaults:1 | Found a crumbling gateway.
 67578 | Vaults:1 | Found a glowing golden altar of the Shining One.
 67708 | Desolati | Entered the Desolation of Salt
 67737 | Desolati | Upgraded the game from 0.29-a0-451-gfbfa42419e to
                  | 0.29-a0-453-gf113fcf677
 67773 | Desolati | Reached skill level 15 in Shields
 67988 | Desolati | Identified the Guide on Flight and Combat Magic
 68091 | Desolati | Identified Sif Muna's Volume of the Scorching Mountains
 68122 | Desolati | Identified the ring "Utwij" {rElec Will++ Slay+4}
 68132 | Desolati | Identified Taptis's Reference Book on the Oath and the
                  | Blaze
 68136 | Desolati | Identified the ring "Ypsiaroa" {Int+6 SInv}
 68359 | Desolati | Reached skill level 16 in Shields
 69315 | Vaults:1 | Reached skill level 17 in Shields
 69380 | Vaults:1 | Reached XP level 21. HP: 177/177 MP: 0/0
 69380 | Vaults:1 | Learned a level 7 spell: Spellforged Servitor
 69910 | Vaults:1 | Found Egatsyza's Distillery.
 69945 | Vaults:1 | Bought a potion of heal wounds for 95 gold pieces
 70056 | Vaults:1 | Reached skill level 18 in Shields
 70748 | D:6      | Bought a pair of steaming gloves for 256 gold pieces
 70748 | D:6      | Identified the +0 pair of gloves "Agaihezi" {rC- rN++
                  | Will+} (You bought it in a shop on level 6 of the Dungeon)
 71148 | Vaults:2 | Found a magical portal.
 71157 | WizLab   | Entered The Chambers of the Cloud Mage
 71210 | WizLab   | Paralysed by an air elemental for 1 turns
 71245 | WizLab   | Paralysed by an air elemental for 1 turns
 71331 | WizLab   | Paralysed by an air elemental for 1 turns
 71333 | WizLab   | Paralysed by an air elemental for 1 turns
 71399 | WizLab   | Paralysed by an air elemental for 1 turns
 71411 | WizLab   | Paralysed by an air elemental for 1 turns
 71675 | WizLab   | Identified the ring of Day {Fly Str+4 Int-3 Dex+2}
 71675 | WizLab   | Identified the Volume of Feathers
 71679 | WizLab   | Reached skill level 19 in Shields
 72132 | Vaults:2 | Found Iript's Weapon Shop.
 72290 | Vaults:2 | Found a staircase to the Crypt.
 72297 | Vaults:2 | Reached skill level 20 in Shields
 72580 | Vaults:2 | Identified the +9 short sword of Faebb {drain, rF+}
 72892 | Vaults:2 | Reached XP level 22. HP: 184/184 MP: 0/0
 73723 | Vaults:3 | Reached skill level 21 in Shields
 74312 | Vaults:3 | Identified the +2 scale mail of Foarux Daig {rElec rC+ MP+9
                  | Int-5}
 75050 | Vaults:4 | Reached skill level 22 in Shields
 75256 | Vaults:4 | Identified the +6 scimitar "Gumis" {vorpal, Fragile Fly
                  | rElec}
 75925 | Vaults:4 | Reached XP level 23. HP: 192/192 MP: 0/0
 75925 | Vaults:4 | Learned a level 8 spell: Infestation
 76071 | Vaults:4 | Noticed Saint Roka
 76077 | Vaults:4 | Killed Saint Roka
 76078 | Vaults:4 | Reached skill level 23 in Shields
 76579 | Elf:1    | Entered Level 1 of the Elven Halls
 76687 | Elf:1    | Identified the Almanac of Unholy Secrets
 77285 | Elf:1    | Noticed Frances
 77290 | Elf:1    | Killed Frances
 77648 | Elf:2    | Paralysed by an air elemental for 1 turns
 77651 | Elf:2    | Paralysed by an air elemental for 1 turns
 77909 | Elf:2    | Reached skill level 15 in Dodging
 77943 | Elf:2    | Identified Roxanne's Volume of Transmigration
 77943 | Elf:2    | Noticed Roxanne
 78048 | Elf:2    | Killed Roxanne
 78260 | Elf:2    | Found a runed translucent gate.
 78260 | Elf:2    | Found a runed translucent gate.
 78260 | Elf:2    | Found a runed translucent gate.
 78281 | Elf:2    | Noticed Asterion
 78283 | Elf:2    | Killed Asterion
 78964 | Elf:3    | Entered Level 3 of the Elven Halls
 79028 | Elf:3    | Paralysed by an air elemental for 1 turns
 79066 | Elf:3    | Reached XP level 24. HP: 166/199 MP: 0/0
 79249 | Elf:3    | Identified the ring "Loycw" {rF+ rCorr Dex+6}
 79367 | Elf:3    | Identified the ring of the Scarab {Fly rC+ Will+ Str+2
                  | Stlth-}
 79576 | Elf:3    | Identified the +8 broad axe "Cariv" {holy, Int+2}
 79595 | Elf:3    | Identified the ring "Qielool" {rN+ rCorr}
 79934 | Elf:3    | Identified the ring "Wicluad" {Fire Str+4 SInv}
 80034 | Elf:3    | Identified the +0 scale mail of Wueliz {rC+ Dex+4 Stlth+}
 80377 | Depths:1 | Entered Level 1 of the Depths
 80456 | Depths:1 | Noticed the Enchantress
 80465 | Depths:1 | Killed the Enchantress
 80533 | Depths:1 | Found a white marble altar of Elyvilon.
 80756 | Depths:1 | Found a gateway to Hell.
 80824 | Depths:1 | Found a glowing golden altar of the Shining One.
 80836 | Depths:1 | Identified the Incunabulum of Mutagenic Execration
 80935 | Depths:1 | Found a hazy altar of Hepliaklqana.
 81547 | Depths:2 | Found a one-way gate leading to the halls of Pandemonium.
 81757 | Depths:1 | Identified the +4 quarterstaff of Overwhelming Force
                  | {drain, Str+5}
 81875 | Depths:2 | Identified the cursed +3 tower shield "Ensconced With Me"
                  | {Self, Cun} (You took it off Louise on level 4 of the
                  | Spider Nest)
 81940 | Depths:2 | Found an ornate altar of the Wu Jian Council.
 82478 | Depths:2 | Identified the +2 halberd of Cheibriados's Pride {protect,
                  | rCorr Dex+4 SInv}
 82478 | Depths:2 | Noticed a juggernaut
 82488 | Depths:2 | Killed a juggernaut
 82592 | Depths:2 | Reached XP level 25. HP: 205/205 MP: 0/0
 82592 | Depths:2 | Learned a level 9 spell: Death's Door
 82637 | Depths:2 | Identified the Tome of Freezing Calling
 82858 | Depths:2 | Identified the ring of the Cicada {Fly Will++ rCorr SInv
                  | Stlth-}
 83388 | Depths:3 | Noticed a caustic shrike
 83392 | Depths:3 | Killed a caustic shrike
 84060 | Depths:3 | Found Warian's Jewellery Boutique.
 84060 | Depths:3 | Found Dipty's Book Shoppe.
 84061 | Depths:3 | Found Gacoph's Jewellery Boutique.
 84201 | Depths:4 | Entered Level 4 of the Depths
 84361 | Depths:4 | Noticed Boris
 84367 | Depths:4 | Killed Boris
 84591 | Depths:4 | Found a gate to the Realm of Zot.
 84809 | Depths:4 | Noticed Xtahua
 84813 | Depths:4 | Killed Xtahua
 84876 | Depths:4 | Found a one-way gateway to a ziggurat.
 84881 | Depths:4 | Noticed LetschGu's ghost (adept HOAM)
 84882 | Depths:4 | Identified a scroll of acquirement
 84883 | Depths:4 | Found a transporter.
 84883 | Depths:4 | Identified the +7 great mace "Eparyot" {flame, rN++ Int+4}
 84890 | Depths:4 | Found a transporter.
 85660 | Slime:1  | Entered Level 1 of the Pits of Slime
 86075 | Slime:2  | Reached XP level 26. HP: 214/214 MP: 0/0
 86479 | Slime:2  | Gained mutation: You are weak. (Str -2) [a shining eye]
 87044 | Slime:5  | Entered Level 5 of the Pits of Slime
 87215 | Slime:5  | Noticed the Royal Jelly
 87216 | Slime:5  | Gained mutation: You sometimes lose the ability to read
                  | scrolls when taking damage. [a shining eye]
 87236 | Slime:5  | Killed the Royal Jelly
 87353 | Slime:5  | Demolished by an acid blob

Illustrated notes

Levels and vault maps discovered:
D:1:      onia_arrival_handbag, layout_loops_ring
D:2:      layout_basic, dreamdust_ecumenical_altar_angels_and_demons
D:3:      layout_basic, serial_bayou, serial_bayou_ford_a, serial_bayou_shore_a,
          serial_bayou_pond_d, serial_bayou_pond_a, uniq_sigmund
D:4:      layout_loops_ring
D:5:      layout_rooms, minmay_temple_entry_glassed_door
D:6:      layout_loops_cross, chequers_temple_overflow_minitemple,
          mainiacjoe_overflow_chevrons, serial_shops,
          nicolae_shop_overgrown_old_shop, portal_sewer_entry_b,
          serial_park_tiny_1, minmay_misc_feat_diagonals, uniq_edmund
D:7:      nicolae_BIG_FREAKIN_CUBE, layout_rooms
D:8:      layout_gridville, erik_lair_orcish_takeover, uniq_maggie, uniq_grum,
          uniq_psyche
D:9:      layout_small_grid, hex_tiny
D:10:     layout_stronghold, david_orc_5
D:11:     layout_roguey, nicolae_ashenzari_skybound
D:12:     layout_long_grid, serial_bayou_pond_c, uniq_nergalle
D:13:     layout_long_grid, skrybe_vaults_entry_preservation,
          grunt_ministairs_10, uniq_jorgrun
D:14:     layout_rooms
D:15:     hangedman_depths_entry_civil_slaughter, layout_irregular_city,
          minmay_misc_feat_nine_boxes, serial_ice, serial_ice_o, serial_ice_c,
          serial_ice_e, serial_ice_g
Temple:   mainiacjoe_temple_coin_purse
Lair:1:   layout_cave_shapes, gauntlet_entry_generic, lemuel_fruit_fields,
          uniq_joseph, uniq_prince_ribbit2
Lair:2:   layout_small_grid, portal_ice_cave_entry_pillars_2
Lair:3:   layout_regular_city, nicolae_spider_entry_non_spiders,
          chequers_serial_rivers_large_a, infiniplex_staircase_pool,
          lemuel_fruit_tree, lemuel_fruit_fields
Lair:4:   layout_small_grid, minmay_shoals_entry_lonely_mermaid,
          enter_volcano_2, tgw_fedhas, grunt_megastairs_2
Lair:5:   layout_roguey, minmay_slime_entry_oklob_enclosed, st_stairs_8,
          minmay_shattered_shrine
Lair:6:   minmay_lair_end_frog_pond, layout_cave_pods
Shoals:1: cheibrodos_shoals_three_sisters, layout_shoals, serial_shops,
          nicolae_shop_statue_plus
Shoals:2: layout_shoals, amcnicky_altar_lugonu_corruption
Shoals:3: layout_shoals
Shoals:4: shoals_end_grunt_garden, layout_shoals
Spider:1: layout_cave_pods, uniq_kirke, uniq_josephine, uniq_azrael, uniq_nikola
Spider:2: layout_chambers, uniq_donald
Spider:3: layout_spider_delve, hangedman_spider_tarantella_strand
Spider:4: floodkiller_spider_rune_tomb, uniq_louise
Slime:1:  layout_caves
Slime:2:  layout_caves
Slime:3:  layout_caves
Slime:4:  layout_caves
Slime:5
Orc:1:    layout_caves, basic_altar, sword_in_stone, uniq_gastronok
Orc:2:    st_orc_open, layout_diamond_mine, basic_altar
Elf:1:    eino_elf_arrival_customs, layout_loops_cross, minmay_elf_necromancy,
          nicolae_elf_crossing_hall, uniq_frances
Elf:2:    nicolae_elf_blades_splatter_lattice
          [nicolae_blade_entry_sentries_behind_glass], layout_gridlike,
          uniq_roxanne, uniq_asterion
Elf:3:    minmay_elf_hall_dome, layout_rooms, st_stairs_14
Vaults:1: portal_desolation_entry_holy_temple, hangedman_vaults_snaps,
          nicolae_vaults_specimen_jars, grunt_vaults_bifocal,
          nicolae_vaults_little_squares_6, ontoclasm_vaults_claustrophobia,
          nicolae_vaults_three_branches, vaults_room_pools, vaults_dpeg_hooks,
          nicolae_vaults_rhombus_7, nicolae_vaults_circle_grid_b,
          nicolae_vaults_little_ls, gammafunk_sealed_arena, v_misc_28,
          vaults_standard_mumra_lines, ontoclasm_vaults_misaligned,
          vaults_room_stairs_pillars, layout_vaults_omnibox, serial_shops, shop
Vaults:2: mu_enter_wizlab_6, minmay_crypt_entry_simple_sparse,
          nicolae_vaults_border_crossing, nicolae_vaults_yaktaur_gun_rack,
          ontoclasm_vaults_spin, v_misc_12, layout_vaults_omnigrid,
          serial_shops, nicolae_shop_advertising_works
          [nicolae_subvault_shop_adworks]
Vaults:3: ontoclasm_vaults_idyll, hangedman_vaults_hard_town_square,
          hangedman_vaults_locks, vaults_room_ringed_pool,
          hangedman_vaults_variations, nicolae_vaults_asterisk, v_misc_9,
          vaults_mumra_minichess, v_misc_3, layout_vaults_chaotic_city
Vaults:4: nicolae_vaults_display_case, nicolae_vaults_little_squares_5,
          nicolae_vaults_circle_grid_a, ontoclasm_vaults_eye,
          hangedman_vaults_stagger, ontoclasm_vaults_decontamination,
          ontoclasm_vaults_loading_screen, v_misc_2,
          nicolae_vaults_network_square, v_misc_25, v_alt_pattern_6,
          dpeg_vaults_monster_box, ontoclasm_vaults_ring_small,
          layout_vaults_omnicross, uniq_saint_roka
Depths:1: abrahamwl_protected_by_tso_2, layout_cave_shapes, elyvilon_altar_4,
          hell_entry, nicolae_hepliaklqana_monster_ancestors,
          grunt_megastairs_3, firewood_loft, uniq_enchantress
Depths:2: minmay_the_grid_square_5x5_4x4 [minmay_the_grid_square_5x5_empty,
          minmay_the_grid_square_5x5_checkered,
          minmay_the_grid_square_5x5_sharp_hourglass,
          minmay_the_grid_square_5x5_meh, minmay_the_grid_square_5x5_eight,
          minmay_the_grid_square_5x5_prize_rear_guard,
          minmay_the_grid_square_5x5_prize_junk,
          minmay_the_grid_square_5x5_two_walls_a,
          minmay_the_grid_square_5x5_spiral,
          minmay_the_grid_square_5x5_prize_itemx,
          minmay_the_grid_square_5x5_prize_pseudospiral,
          minmay_the_grid_square_5x5_percent, minmay_the_grid_square_5x5_fat_x,
          minmay_the_grid_square_5x5_longway,
          minmay_the_grid_square_5x5_two_small,
          minmay_the_grid_square_5x5_intrusive_squares], layout_gridville,
          hell_entry, nzn_wu_jian_contemplation, rand_demon_pan_entry_7,
          grunt_decor_mini_mirrors, amcnicky_mini_rare_corridor_liquid,
          kennysheep_two_boxes, minmay_staircase_bubble
Depths:3: minmay_bloctagon_deflated, layout_long_grid, hangedman_coc_ice_floe,
          abyss_entry, nrook_pool_corridor, minmay_door_square,
          infiniplex_staircase_star, minmay_shop_grove
Depths:4: evilmike_zot_entry_basic, layout_gridlike, enter_ziggurat_e,
          nicolae_abyss_entry_one_way_or_another, hell_entry,
          gammafunk_ghost_smash, uniq_boris, uniq_xtahua

Skill      XL: |  1  2  3  4  5  6  7  8  9 10 11 12 13 14 15 16 17 18 19 20 21 22 23 24 25 26 |
---------------+-------------------------------------------------------------------------------+-----
Stealth        | 2 |  2.0
Spellcasting   | 4 5 6 8 10 11 13 15 16 17 19 20 | 20.6
Fighting       | 4 6 9 12 14 17 19 21 | 21.3
Dodging        | 5 12 13 17 18 | 18.9
Shields        | 6 13 17 20 22 23 | 23.6

Action                   |  1- 3 |  4- 6 |  7- 9 | 10-12 | 13-15 | 16-18 | 19-21 | 22-24 | 25-27 || total
-------------------------+-------+-------+-------+-------+-------+-------+-------+-------+-------++-------
Melee: Whip              |     6 |    14 |    10 |     7 |       |       |       |       |       ||    37
       Staff             |       |     2 |     1 |     3 |     2 |    25 |    40 |     1 |     3 ||    77
       Unarmed           |       |       |       |       |       |    31 |       |    15 |       ||    46
       Tailslap          |       |       |       |       |       |     5 |       |     3 |       ||     8
       Bite              |       |       |       |       |       |     3 |       |     1 |       ||     4
       Punch             |       |       |       |       |       |     1 |       |       |       ||     1
 Cast: Freeze            |    33 |    21 |    45 |    97 |   140 |    32 |    52 |     6 |     1 ||   427
       Frozen Ramparts   |     4 |     7 |    34 |    51 |    57 |    22 |    34 |    22 |    14 ||   245
       Summon Small Mamm |     4 |     4 |     2 |     7 |     1 |       |       |       |       ||    18
       Ozocubu's Armour  |       |     9 |    12 |    28 |    22 |     4 |     3 |       |       ||    78
       Poisonous Vapours |       |     2 |    26 |    20 |    55 |   119 |    75 |     9 |       ||   306
       Searing Ray       |       |       |    28 |    77 |    29 |       |       |       |       ||   134
       Hailstorm         |       |       |    13 |     9 |    45 |    32 |     9 |     2 |     7 ||   117
       Dazzling Flash    |       |       |       |    12 |     5 |       |       |       |       ||    17
       Petrify           |       |       |       |    16 |    21 |     8 |    10 |       |       ||    55
       Freezing Cloud    |       |       |       |       |   203 |   200 |   293 |    92 |    33 ||   821
       Iron Shot         |       |       |       |       |    57 |   336 |   380 |   372 |   250 ||  1395
       Dragon Form       |       |       |       |       |       |     6 |     1 |     1 |       ||     8
       Statue Form       |       |       |       |       |       |       |    87 |    91 |    34 ||   212
       Spellforged Servi |       |       |       |       |       |       |    22 |    68 |    32 ||   122
       Infestation       |       |       |       |       |       |       |       |    38 |       ||    38
       Death's Door      |       |       |       |       |       |       |       |       |     1 ||     1
Invok: Curse Item        |       |       |       |     1 |     3 |       |     2 |     1 |     1 ||     8
       Shatter the Chain |       |       |       |       |       |       |     2 |     1 |       ||     3
 Abil: Breathe Fire      |       |       |       |       |       |     4 |       |     1 |       ||     5
       End Transformatio |       |       |       |       |       |     4 |     1 |       |       ||     5
Evoke: Wand              |       |       |       |     4 |     1 |       |     1 |       |     1 ||     7
       Phial of floods   |       |       |       |       |       |     2 |       |       |     1 ||     3
       Phantom mirror    |       |       |       |       |       |       |       |     1 |     3 ||     4
  Use: Scroll            |       |       |    11 |     5 |     1 |     6 |     5 |     1 |    10 ||    39
       Potion            |       |       |       |     9 |     3 |     8 |       |       |     3 ||    23
 Stab: Sleeping          |     2 |     1 |       |       |       |       |       |       |       ||     3
       Petrified         |       |       |       |     5 |     2 |     1 |       |       |       ||     8
       Distracted        |       |       |       |       |       |       |       |     1 |       ||     1
Armor: Robe              |     2 |     9 |    33 |   135 |    94 |    87 |     3 |       |       ||   363
       Skin              |       |       |       |    11 |       |    49 |   220 |   148 |   138 ||   566
       Acid dragon scale |       |       |       |       |       |       |       |       |     9 ||     9
Dodge: Dodged            |    18 |    24 |    65 |   205 |   233 |   337 |   295 |   243 |   316 ||  1736
Block: Tower shield      |       |       |       |       |       |       |   519 |   539 |   366 ||  1424

Table legend: (Time is in decaauts)
 A = Elapsed time spent in this place.
 B = Non-inter-level travel time spent in this place.
 C = Inter-level travel time spent in this place.
 D = Time resting spent in this place.
 E = Time spent auto-exploring this place.
 F = Levels seen in this place.
 G = Mean time per level.
                   A        B        C        D        E       F      G
               +--------+--------+--------+--------+--------+-----+--------+
         Total |  93271 |  89234 |   4037 |  42225 |  29896 |  54 | 1727.2 |
       Dungeon |  24125 |  22598 |   1527 |  10763 |   8715 |  15 | 1608.3 |
        Temple |    168 |    100 |     68 |      0 |     84 |   1 |  168.0 |
          Lair |  15288 |  14404 |    884 |   8548 |   3785 |   6 | 2548.0 |
        Shoals |   9402 |   9159 |    243 |   4901 |   2763 |   4 | 2350.5 |
   Spider Nest |  13149 |  12932 |    217 |   8201 |   2846 |   4 | 3287.2 |
    Slime Pits |   2127 |   2102 |     25 |    722 |    698 |   5 |  425.4 |
  Orcish Mines |   3017 |   2914 |    103 |   1563 |    740 |   2 | 1508.5 |
   Elven Halls |   4679 |   4360 |    319 |    741 |   2182 |   3 | 1559.7 |
        Vaults |   8319 |   7904 |    415 |   1750 |   3877 |   4 | 2079.8 |
        Depths |   6033 |   5800 |    233 |   1226 |   3174 |   4 | 1508.2 |
         Sewer |    445 |    445 |      0 |    229 |     42 |   1 |  445.0 |
      Ice Cave |    873 |    873 |      0 |    728 |      0 |   1 |  873.0 |
       Volcano |   1842 |   1842 |      0 |   1376 |      0 |   1 | 1842.0 |
        Wizlab |    923 |    923 |      0 |    305 |    260 |   1 |  923.0 |
    Desolation |   1706 |   1706 |      0 |    337 |    604 |   1 | 1706.0 |
      Gauntlet |   1167 |   1167 |      0 |    832 |    125 |   1 | 1167.0 |
               +--------+--------+--------+--------+--------+-----+--------+

Top non-repeatable levels by time:
Spider:4: 4368 daAuts
Spider:2: 3369 daAuts
  Lair:5: 3205 daAuts
Spider:1: 3108 daAuts
  Lair:2: 2879 daAuts
    D:13: 2698 daAuts
Shoals:1: 2651 daAuts
Shoals:3: 2524 daAuts
  Lair:1: 2463 daAuts
Vaults:1: 2411 daAuts
  Lair:4: 2363 daAuts
    D:15: 2361 daAuts
Spider:3: 2303 daAuts
Shoals:2: 2246 daAuts
  Lair:3: 2192 daAuts
